 Dungeon Crawl Stone Soup version 0.21.1-1-g345015f (webtiles) character file.

550 Zhenya24pyc the Cudgeler (level 7, -13/44 HPs)
             Began as a Gargoyle Fighter on Feb 6, 2018.
             Was an Initiate of Okawaru.
             Mangled by an ogre
             ... wielding a +0 giant spiked club
              (15 damage)
             ... on level 5 of the Dungeon.
             The game lasted 00:05:08 (3379 turns).

Zhenya24pyc the Cudgeler (Gargoyle Fighter)         Turns: 3379, Time: 00:05:09

Health: -13/44     AC: 11    Str: 21    XL:     7   Next: 29%
Magic:  7/7        EV:  8    Int:  9    God:    Okawaru [......]
Gold:   274        SH:  9    Dex:  9    Spells: 6/6 levels left

rFire    . . .     SeeInvis .   a - +0 flail
rCold    + . .     Gourm    +   c - +0 shield
rNeg     + . .     Faith    .   b - +0 scale mail
rPois    ∞         Spirit   .   (no helmet)
rElec    +         Reflect  .   (no cloak)
rCorr    .         Harm     .   (no gloves)
MR       .....                  (no boots)
Stlth    ..........             s - amulet of the gourmand
HPRegen  0.14/turn              q - ring of protection from cold
MPRegen  0.10/turn              v - ring of flight

@: no status effects
A: negative energy resistance 1, electricity resistance, unbreathing,
petrification resistance, rot immunity, AC +4
a: Renounce Religion, Evoke Flight


You were on level 5 of the Dungeon.
You worshipped Okawaru.
Okawaru was noncommittal.
You were full.

You visited 2 branches of the dungeon, and saw 6 of its levels.

You collected 274 gold pieces.

Inventory:

Hand Weapons
 a - a +0 flail (weapon)
Armour
 b - a +0 scale mail (worn)
 c - a +0 shield (worn)
Jewellery
 q - a ring of protection from cold (left hand)
 s - an amulet of the gourmand (around neck)
 v - a ring of flight (right hand)
Scrolls
 g - 2 scrolls of amnesia {unknown}
 h - 5 scrolls of remove curse {unknown}
 i - 6 scrolls of identify {unknown}
 j - a scroll of noise {unknown}
 l - a scroll of random uselessness {unknown}
 n - a scroll of enchant weapon {unknown}
 o - 3 scrolls of magic mapping {unknown}
 t - 2 scrolls of teleportation {unknown}
 w - a scroll of fear {unknown}
Potions
 d - 3 potions of might
 e - a potion of invisibility {unknown}
 k - a potion of curing
 m - a potion of resistance {unknown}
 p - a potion of flight {unknown}
 r - 2 potions of brilliance {unknown}
 u - a potion of heal wounds {unknown}
Comestibles
 f - 6 rations


   Skills:
 + Level 5.4 Fighting
 * Level 5.9 Maces & Flails
 - Level 3.2 Armour
 - Level 2.1 Dodging
 - Level 3.2 Shields


You had 6 spell levels left.
You didn't know any spells.

Dungeon Overview and Level Annotations

Branches:
Dungeon (5/15)             Temple (1/1) D:5

Altars:
Dithmenos
Elyvilon
Fedhas
Gozag
Hepliaklqana
Makhleb
Nemelex Xobeh
Okawaru
Qazlal
Trog
Uskayaw
Vehumet
Wu Jian
Yredelemnul
Zin
The Shining One


Innate Abilities, Weirdness & Mutations

You are resistant to torment.
Your stone body is resilient. (AC +4)
You are immune to poison.
You resist negative energy. (rN+)
You are resistant to electric shocks. (rElec)
You can survive without breathing.
You are immune to petrification.
You are immune to rotting.


Message History

The ogre is severely wounded.
You barely miss the ogre.
The ogre is severely wounded.
You block the ogre's attack.
You hit the ogre.
The ogre is almost dead.
The ogre closely misses you.
You barely miss the ogre.
The ogre is almost dead.
The ogre hits you with a giant spiked club!!
Ouch! That really hurt!
* * * LOW HITPOINT WARNING * * *
You are too injured to fight recklessly!
You are too injured to fight recklessly!
You are too injured to fight recklessly!
You are too injured to fight recklessly!
Your shield and scale mail prevent you from hitting the ogre.
The ogre is almost dead.
The ogre hits you with a giant spiked club!
You die...

.. # #. #. #. .#.###.
..........
...#.......##
...........O#
##..........@#
............#
#+####.##.#..#.#.###
.............#....<#
...#....#.#.##.#.#.##
...#.#.<.....#.#....#
...#.#.###########..#
...#.#..............#
...#.#..#####.......#


You could see an ogre.

Vanquished Creatures
  An ice beast (D:5)
  A phantom (D:4)
  The ghost of shakethe the Firebug, an amateur GrFE (D:4)
  A scorpion (D:5)
  A centaur skeleton (D:4)
  A jelly (D:5)
  A worker ant (D:4)
  4 gnolls (D:4)
  4 adders
  An adder skeleton (D:4)
  A worm (D:3)
  3 dart slugs
  4 leopard geckos
  5 orcs
  11 bats
  4 giant cockroaches
  9 goblins
  7 hobgoblins
  4 jackals (D:4)
  3 quokkas
  A ball python (D:3)
  6 frilled lizards
  A jackal zombie (D:5)
  7 kobolds
  6 rats
88 creatures vanquished.

Notes
Turn   | Place    | Note
-------+----------+-------------------------------------------
     0 | D:1      | Zhenya24pyc the Gargoyle Fighter began the quest for the Orb.
     0 | D:1      | Reached XP level 1. HP: 14/14 MP: 1/1
   132 | D:1      | Reached XP level 2. HP: 19/19 MP: 2/2
   253 | D:1      | Reached XP level 3. HP: 22/23 MP: 3/3
   703 | D:2      | Reached skill level 1 in Dodging
   858 | D:2      | Found an opulent altar of Gozag.
  1012 | D:2      | Reached XP level 4. HP: 16/29 MP: 4/4
  2128 | D:4      | Reached XP level 5. HP: 33/33 MP: 5/5
  2159 | D:4      | Noticed shakethe's ghost (amateur GrFE)
  2179 | D:4      | Killed shakethe's ghost
  2397 | D:4      | Reached XP level 6. HP: 37/39 MP: 6/6
  2915 | D:4      | Noticed a phantom
  2938 | D:4      | Killed a phantom
  2938 | D:4      | Reached skill level 5 in Fighting
  2938 | D:4      | Reached skill level 5 in Maces & Flails
  3075 | D:5      | Entered Level 5 of the Dungeon
  3079 | D:5      | Noticed an ice beast
  3113 | D:5      | Killed an ice beast
  3113 | D:5      | Reached XP level 7. HP: 26/44 MP: 7/7
  3255 | D:5      | Found a staircase to the Ecumenical Temple.
  3266 | Temple   | Entered the Ecumenical Temple
  3284 | Temple   | Became a worshipper of Warmaster Okawaru
  3378 | D:5      | HP: 2/44 [ogre/giant spiked club (22)]
  3379 | D:5      | Mangled by an ogre

Skill      XL: |  1  2  3  4  5  6 |
---------------+-------------------+-----
Maces & Flails | 3 4 5 |  5.9
Dodging        | 1 2 |  2.1
Fighting       | 4 5 |  5.4
Armour         | |  3.2
Shields        | |  3.2

Action                   |  1- 3 |  4- 6 |  7- 9 || total
-------------------------+-------+-------+-------++-------
Melee: Flail             |   157 |   240 |    19 ||   416
  Eat: Chunk             |       |    19 |       ||    19
Armor: Scale mail        |   105 |   122 |     2 ||   229
Dodge: Dodged            |    60 |    74 |     7 ||   141
Block: Shield            |    99 |   143 |     6 ||   248
